PL
BOSTON PATRIOTS @ RICHARDSON CITY THUNDERCATS
08/21/2029
 
TOP OF THE 1ST
Boston Patriots batting - Pitching for Richardson City Thundercats : RHP Juan Valéncia
Pitching: RHP Juan Valéncia
Batting: LHB Ramón Félix 0-0: Foul Ball, location: 2F
0-1: Ball
1-1: Ball
2-1: Called Strike
2-2: Foul Ball, location: 2F
2-2: Foul Ball, location: 2F
2-2: Strikes out swinging
Batting: RHB Tamasaburo Kato 0-0: SINGLE (Flyball, 78S)
Batting: RHB Tommy Jones 0-0: Ball
1-0: Foul Ball, location: 2F
1-1: Ball
2-1: Foul Ball, location: 2F
2-2: Foul Ball, location: 2F
2-2: Foul Ball, location: 2F
2-2: Ball
3-2: Base on Balls
Tamasaburo Kato to second
Batting: RHB Terry Armstrong 0-0: Ball
1-0: Ball
2-0: SINGLE (Flyball, 8LS)
Tamasaburo Kato to third
Tommy Jones to second
Batting: LHB Bill Chambers 0-0: Ball
1-0: Called Strike
1-1: Ball
2-1: Grounds into double play, 5-4-3 (Groundball, 56)
Top of the 1st over - 0 runs, 2 hits, 0 errors, 2 left on base; Boston 0 - Richardson City 0
BOTTOM OF THE 1ST
Richardson City Thundercats batting - Pitching for Boston Patriots : RHP José García
Pitching: RHP José García
Batting: RHB Louis Gibbons 0-0: Ground out 6-3 (Groundball, 6)
Batting: RHB Pedro Castillo 0-0: Called Strike
0-1: Fly out, F4 (Line Drive, 4M)
Batting: LHB Carroll Martin 0-0: Fly out, F7 (Flyball, 78S)
Bottom of the 1st over - 0 runs, 0 hits, 0 errors, 0 left on base; Boston 0 - Richardson City 0
TOP OF THE 2ND
Boston Patriots batting - Pitching for Richardson City Thundercats : RHP Juan Valéncia
Batting: LHB Timmy Appeldoorn 0-0: Called Strike
0-1: Ball
1-1: Ball
2-1: Ball
3-1: Called Strike
3-2: SINGLE (Line Drive, 3D)
Batting: SHB Jorge Velázquez 0-0: Foul Ball, location: 2F
0-1: Swinging Strike
0-2: Ball
1-2: Strikes out swinging
Batting: RHB Miguel Márquez 0-0: Called Strike
0-1: Foul Ball, location: 2F
0-2: Ball
1-2: Strikes out swinging
Batting: RHB Eddie O'Bryan 0-0: Ball
1-0: Ball
2-0: Swinging Strike
2-1: Fly out, F8 (Flyball, 78D)
Top of the 2nd over - 0 runs, 1 hit, 0 errors, 1 left on base; Boston 0 - Richardson City 0
BOTTOM OF THE 2ND
Richardson City Thundercats batting - Pitching for Boston Patriots : RHP José García
Batting: RHB Anselmo Berneu 0-0: Ball
1-0: Ball
2-0: SINGLE (Flyball, 8RS)
Batting: SHB Mitch Qualtrough 0-0: SINGLE (Groundball, 34D)
Anselmo Berneu to second
Runner from 2nd tries for 3rd, SAFE, throw made to third
Batting: RHB Bruce Ingilby 0-0: Bunted foul
Squeeze bunt is on, Anselmo Berneu is out
0-2: Ball
1-2: Ball
2-2: Ball
3-2: Base on Balls
Mitch Qualtrough to second
Batting: RHB Tomás Martínez 0-0: Called Strike
0-1: Ball
Throwing error on steal attempt, E2
Mitch Qualtrough scores
Bruce Ingilby to third
1-1: Ground out U3 (Groundball, 34S)
Bruce Ingilby scores
Batting: LHB Eduardo Álvarez 0-0: Ground out U3 (Groundball, 3)
Bottom of the 2nd over - 2 runs, 2 hits, 1 error, 0 left on base; Boston 0 - Richardson City 2
TOP OF THE 3RD
Boston Patriots batting - Pitching for Richardson City Thundercats : RHP Juan Valéncia
Batting: LHB Ramón Félix 0-0: Foul Ball, location: 2F
0-1: Ground out 1-3 (Groundball, 13S)
Batting: RHB Tamasaburo Kato 0-0: Foul Ball, location: 2F
0-1: Ball
1-1: Hit by Pitch
Batting: RHB Tommy Jones 0-0: Ball
1-0: Called Strike
1-1: Ball
2-1: Foul Ball, location: 2F
2-2: Ball
3-2: Fly out, F8 (Flyball, 8LS)
Batting: RHB Terry Armstrong 0-0: Fielders Choice at 2nd, 5-4 (Groundball, 5)
Top of the 3rd over - 0 runs, 0 hits, 0 errors, 1 left on base; Boston 0 - Richardson City 2
BOTTOM OF THE 3RD
Richardson City Thundercats batting - Pitching for Boston Patriots : RHP José García
Batting: LHB Fernando Ramírez 0-0: Ball
1-0: Foul Ball, location: 2F
1-1: Foul Ball, location: 2F
1-2: SINGLE (Groundball, 6MD)
Batting: RHB Louis Gibbons 0-0: Called Strike
0-1: Ball
1-1: Foul Ball, location: 2F
1-2: Foul Ball, location: 2F
1-2: Grounds into double play, 6-4-3 (Groundball, 6)
Batting: RHB Pedro Castillo 0-0: Called Strike
0-1: Fly out, F7 (Flyball, 7LM)
Bottom of the 3rd over - 0 runs, 1 hit, 0 errors, 0 left on base; Boston 0 - Richardson City 2
TOP OF THE 4TH
Boston Patriots batting - Pitching for Richardson City Thundercats : RHP Juan Valéncia
Batting: LHB Bill Chambers 0-0: Ground out 6-3 (Groundball, 6)
Batting: LHB Timmy Appeldoorn 0-0: Ball
1-0: Ball
2-0: Called Strike
2-1: Ball
3-1: Foul Ball, location: 2F
3-2: Base on Balls
Batting: SHB Jorge Velázquez 0-0: Called Strike
0-1: Fielders Choice at 2nd, 4-6 (Groundball, 4)
Batting: RHB Miguel Márquez 0-0: Fly out, F4 (Line Drive, 4)
Top of the 4th over - 0 runs, 0 hits, 0 errors, 1 left on base; Boston 0 - Richardson City 2
BOTTOM OF THE 4TH
Richardson City Thundercats batting - Pitching for Boston Patriots : RHP José García
Batting: LHB Carroll Martin 0-0: Ball
1-0: Ground out U3 (Groundball, 34)
Batting: RHB Anselmo Berneu 0-0: Ball
1-0: Ball
2-0: SINGLE (Groundball, 4MD)
Batting: SHB Mitch Qualtrough 0-0: Ball
1-0: Foul Ball, location: 2F
1-1: SINGLE (Groundball, 34D)
Anselmo Berneu to second
Runner from 2nd tries for 3rd, SAFE, no throw
Batting: RHB Bruce Ingilby 0-0: Foul Ball, location: 2F
0-1: Ball
1-1: Ball
2-1: Foul Ball, location: 2F
2-2: Foul Ball, location: 2F
2-2: Strikes out swinging
Mitch Qualtrough steals 2nd base
Batter strikes out.
Batting: RHB Tomás Martínez 0-0: SINGLE (Line Drive, 7S)
Anselmo Berneu scores
Mitch Qualtrough to third
Runner from 3rd tries for Home, SAFE, no throw
Batting: LHB Eduardo Álvarez 0-0: Ball
1-0: Swinging Strike
1-1: Fly out, F8 (Flyball, 8RXD)
Bottom of the 4th over - 2 runs, 3 hits, 0 errors, 1 left on base; Boston 0 - Richardson City 4
TOP OF THE 5TH
Boston Patriots batting - Pitching for Richardson City Thundercats : RHP Juan Valéncia
Batting: RHB Eddie O'Bryan 0-0: Called Strike
0-1: Fly out, F9 (Flyball, 9)
Batting: LHB Ramón Félix 0-0: Called Strike
0-1: Swinging Strike
0-2: Foul Ball, location: 2F
0-2: Strikes out swinging
Batting: RHB Tamasaburo Kato 0-0: Called Strike
0-1: Called Strike
0-2: Strikes out looking
Top of the 5th over - 0 runs, 0 hits, 0 errors, 0 left on base; Boston 0 - Richardson City 4
BOTTOM OF THE 5TH
Richardson City Thundercats batting - Pitching for Boston Patriots : RHP José García
Batting: LHB Fernando Ramírez 0-0: Ball
1-0: Ball
2-0: Called Strike
2-1: Foul Ball, location: 2F
2-2: Ball
3-2: Strikes out looking
Batting: RHB Louis Gibbons 0-0: Ball
1-0: Ball
2-0: Foul Ball, location: 2F
2-1: Ground out 3-1 (Groundball, 34S)
Batting: RHB Pedro Castillo 0-0: Called Strike
0-1: Ball
1-1: Ball
2-1: Ball
3-1: Foul Ball, location: 2F
3-2: Strikes out swinging
Bottom of the 5th over - 0 runs, 0 hits, 0 errors, 0 left on base; Boston 0 - Richardson City 4
TOP OF THE 6TH
Boston Patriots batting - Pitching for Richardson City Thundercats : RHP Juan Valéncia
Batting: RHB Tommy Jones 0-0: Swinging Strike
0-1: Foul Ball, location: 2F
0-2: Ball
1-2: Foul Ball, location: 2F
1-2: SINGLE (Line Drive, 56D)
Batting: RHB Terry Armstrong 0-0: Fly out, F9 (Flyball, 8RS)
Batting: LHB Bill Chambers 0-0: SINGLE (Groundball, 6MS) (infield hit)
Tommy Jones to second
Batting: LHB Timmy Appeldoorn 0-0: Ball
1-0: Ground out U3 (Groundball, 34S)
Tommy Jones to third
Bill Chambers to second
Batting: SHB Jorge Velázquez 0-0: 3-RUN HOME RUN (Flyball, 9LD), Distance : 351 ft
Batting: RHB Miguel Márquez 0-0: Called Strike
0-1: Foul Ball, location: 2F
0-2: Ball
1-2: Foul Ball, location: 2F
1-2: Ground out 5-3 (Groundball, 5L)
Top of the 6th over - 3 runs, 3 hits, 0 errors, 0 left on base; Boston 3 - Richardson City 4
BOTTOM OF THE 6TH
Richardson City Thundercats batting - Pitching for Boston Patriots : RHP José García
Batting: LHB Carroll Martin 0-0: Foul Ball, location: 2F
0-1: Ball
1-1: Called Strike
1-2: Strikes out swinging, 2-3 out at first.
Batting: RHB Anselmo Berneu 0-0: SINGLE (Groundball, 6MD)
Batting: SHB Mitch Qualtrough 0-0: Ball
1-0: Ball
2-0: Foul Ball, location: 2F
2-1: Hit by Pitch
Anselmo Berneu to second
Pitching: RHP Jorge Aguirre
Pinch Runner at 1st IV Seacat:
Batting: RHB Bruce Ingilby 0-0: Ball
1-0: Ball
2-0: Ball
3-0: Called Strike
3-1: Base on Balls
Anselmo Berneu to third
IV Seacat to second
Pitching: RHP Doug Carlton
Batting: RHB Tomás Martínez 0-0: Ball
1-0: Swinging Strike
1-1: GRAND SLAM HOME RUN (Flyball, 7D), Distance : 372 ft
Batting: LHB Eduardo Álvarez 0-0: Called Strike
0-1: Foul Ball, location: 2F
0-2: Ball
1-2: Ball
2-2: Foul Ball, location: 2F
2-2: Ball
3-2: Foul Ball, location: 2F
3-2: Foul Ball, location: 2F
3-2: Ground out 4-3 (Groundball, 4)
Batting: LHB Fernando Ramírez 0-0: Swinging Strike
0-1: Swinging Strike
0-2: Strikes out looking
Bottom of the 6th over - 4 runs, 2 hits, 0 errors, 0 left on base; Boston 3 - Richardson City 8
TOP OF THE 7TH
Boston Patriots batting - Pitching for Richardson City Thundercats : RHP Juan Valéncia
Now at SS: IV Seacat
Batting: RHB Eddie O'Bryan 0-0: Ball
1-0: Called Strike
1-1: Foul Ball, location: 2F
1-2: Ball
2-2: SINGLE (Line Drive, 5L)
Batting: LHB Ramón Félix 0-0: Ball
1-0: Swinging Strike
1-1: Foul Ball, location: 2F
1-2: Ball
2-2: Foul Ball, location: 2F
2-2: Ball
3-2: DOUBLE (Line Drive, 9LM)
Eddie O'Bryan to third
Batting: RHB Tamasaburo Kato 0-0: Fly out, F2 (Popup, 23F)
Batting: RHB Tommy Jones 0-0: Called Strike
0-1: Ball
1-1: Ground out 6-3 (Groundball, 6)
Eddie O'Bryan scores
Pitching: RHP Héctor Alarcon
Batting: RHB Terry Armstrong 0-0: Ball
1-0: Ball
2-0: Called Strike
2-1: Swinging Strike
2-2: Foul Ball, location: 2F
2-2: Foul Ball, location: 2F
2-2: Ball
3-2: Foul Ball, location: 2F
3-2: Fly out, F9 (Flyball, 9S)
Top of the 7th over - 1 run, 2 hits, 0 errors, 1 left on base; Boston 4 - Richardson City 8
BOTTOM OF THE 7TH
Richardson City Thundercats batting - Pitching for Boston Patriots : RHP Doug Carlton
Pitching: RHP Rick Converse
Batting: RHB Louis Gibbons 0-0: Ball
1-0: Foul Ball, location: 2F
1-1: Called Strike
1-2: Ball
2-2: Foul Ball, location: 2F
2-2: Foul Ball, location: 2F
2-2: Fly out, F8 (Flyball, 8LS)
Batting: RHB Pedro Castillo 0-0: Called Strike
0-1: Swinging Strike
0-2: Ball
1-2: Ball
2-2: Strikes out looking
Batting: LHB Carroll Martin 0-0: Ball
1-0: Ball
2-0: Foul Ball, location: 2F
2-1: Ground out 6-3 (Groundball, 6)
Bottom of the 7th over - 0 runs, 0 hits, 0 errors, 0 left on base; Boston 4 - Richardson City 8
TOP OF THE 8TH
Boston Patriots batting - Pitching for Richardson City Thundercats : RHP Héctor Alarcon
Batting: LHB Bill Chambers 0-0: Ball
1-0: DOUBLE (Line Drive, 78D)
Batting: LHB Timmy Appeldoorn 0-0: Ball
1-0: Ball
2-0: Ground out 3-1 (Groundball, 34S)
Bill Chambers to third
Batting: SHB Jorge Velázquez 0-0: Ball
1-0: Called Strike
1-1: Ball
2-1: Swinging Strike
2-2: Strikes out looking
Batting: RHB Miguel Márquez 0-0: Ball
1-0: Ball
2-0: Ball
3-0: Called Strike
3-1: Foul Ball, location: 2F
3-2: Foul Ball, location: 2F
3-2: Ground out 6-3 (Groundball, 6)
Top of the 8th over - 0 runs, 1 hit, 0 errors, 1 left on base; Boston 4 - Richardson City 8
BOTTOM OF THE 8TH
Richardson City Thundercats batting - Pitching for Boston Patriots : RHP Rick Converse
Batting: RHB Anselmo Berneu 0-0: Called Strike
0-1: Ball
1-1: Ball
2-1: Fly out, F8 (Flyball, 8LD)
Batting: RHB IV Seacat 0-0: Ball
1-0: Ball
2-0: SINGLE (Groundball, 6D)
Batting: RHB Bruce Ingilby 0-0: Ball
IV Seacat steals 2nd base
1-0: Ball
2-0: Foul Ball, location: 2F
2-1: Ball
3-1: Base on Balls
Batting: RHB Tomás Martínez 0-0: Ball
1-0: Ball
2-0: Ball
3-0: Called Strike
3-1: Base on Balls
IV Seacat to third
Bruce Ingilby to second
Batting: LHB Eduardo Álvarez 0-0: Ball
1-0: Ball
2-0: Fly out, F7 (Flyball, 7D)
Runner from 3rd tags up, SCORES, throw made
Batting: LHB Fernando Ramírez 0-0: Called Strike
0-1: Called Strike
0-2: Ball
1-2: Fly out, F7 (Flyball, 7S)
Bottom of the 8th over - 1 run, 1 hit, 0 errors, 2 left on base; Boston 4 - Richardson City 9
TOP OF THE 9TH
Boston Patriots batting - Pitching for Richardson City Thundercats : RHP Héctor Alarcon
Batting: RHB Eddie O'Bryan 0-0: Called Strike
0-1: Ball
1-1: Foul Ball, location: 2F
1-2: Ball
2-2: Ball
3-2: Base on Balls
Batting: LHB Ramón Félix 0-0: Ball
1-0: Ball
2-0: Ball
3-0: Called Strike
3-1: Base on Balls
Eddie O'Bryan to second
Pitching: RHP José Montalópez
Batting: RHB Tamasaburo Kato 0-0: Called Strike
0-1: Ball
1-1: Fly out, F8 (Flyball, 89D)
Batting: RHB Tommy Jones 0-0: Foul Ball, location: 2F
0-1: Fly out, F7 (Flyball, 7D)
Batting: RHB Terry Armstrong 0-0: Fly out, F8 (Flyball, 89D)
Top of the 9th over - 0 runs, 0 hits, 0 errors, 2 left on base; Boston 4 - Richardson City 9
Tuesday, December 19th, 2017 - OOTP Baseball 18.8 Build 76